 Dungeon Sprint DCSS version 0.26-a0-665-gefeb406119 (webtiles) character file.

Game seed: 14535254450171316932

201905 rocky1 the Axe Maniac (level 17, -15/184 HPs)
             Began as a Minotaur Gladiator on Oct 15, 2020.
             Was the Champion of Cheibriados.
             Killed by the air
             ... invoked by a titan
              (20 damage)
             ... in the Dungeon (Sprint VII: "The Pits").
             The game lasted 01:10:13 (8017 turns).

rocky1 the Axe Maniac (Minotaur Gladiator)          Turns: 8017, Time: 01:10:15

Health: -15/184    AC: 33    Str: 37    XL:     17   Next: 92%
Magic:  4/46       EV: 28    Int: 24    God:    Cheibriados [******]
Gold:   181        SH:  0    Dex: 23    Spells: 38/51 levels left

rFire    . . .     SeeInvis .   a - +7 battleaxe (vamp)
rCold    + + .     Faith    .   (shield currently unavailable)
rNeg     + + +     Spirit   .   E - +3 plate armour {rC+}
rPois    +         Reflect  .   c - +0 hat
rElec    +         Harm     .   O - +1 cloak
rCorr    .         Rampage  .   (no gloves)
MR       ++++.     NoTele   +   N - +1 pair of boots
Stlth    ..........             g - amulet "Ovakam" {rC- MR+++ Regen+ Dex-4 Slay+6}
HPRegen  1.20/turn              s - ring "Ytwietz" {Wiz rPois rC++ MP+9 Dex-2}
MPRegen  0.30/turn              z - ring "Eloamekira" {*Contam rElec rPois rN+++ Int+6}

@: contaminated, glowing, very slow
A: retaliatory headbutt, horns 2, iridescent scales 1, rugged brown scales 1,
agile 1, blink, blurry vision 1, dopey 2, regeneration 1, weak 1, evolution 1
}: 1/3 runes: silver
a: Blink, Bend Time, Temporal Distortion, Slouch, Step From Time, Renounce
Religion


You were in the Dungeon.
You worshipped Cheibriados.
Cheibriados was exalted by your worship.
You visited 1 branch You collected 181 gold pieces.

Inventory:

Hand Weapons
 a - a +7 vampiric battleaxe (weapon)
 b - the +5 longbow of the Queen {vorpal, rPois rF+}
   (You found it in the Dungeon)

   Any arrow fired from it inflicts extra damage.
   It protects you from fire.
   It protects you from poison.
 Y - a +6 great sword of holy wrath
Missiles
 F - 257 arrows
Armour
 c - a +0 hat (worn)
 i - a +4 troll leather armour
 E - a +3 plate armour of cold resistance (worn)
 M - the +4 skin of Zhor {Englaciate rC+++ SInv}
   (You found it in the Dungeon)

   It renders you almost immune to cold.
   It lets you see invisible.
 N - a +1 pair of boots (worn)
 O - a +1 cloak (worn)
Jewellery
 d - the ring "Alegauc" {*Drain Str+4 Int+6 Dex+8}
   (You found it in the Dungeon)

   [ring of intelligence]

   It affects your strength (+4).
   It affects your intelligence (+6).
   It affects your dexterity (+8).
   It causes draining when unequipped.
 g - the amulet "Ovakam" (around neck) {rC- MR+++ Regen+ Dex-4 Slay+6}
   (You found it in the Dungeon)

   [amulet of regeneration]

   It affects your dexterity (-4).
   It affects your accuracy and damage with ranged weapons and melee attacks
   (+6).
   It makes you vulnerable to cold.
   It affects your resistance to hostile enchantments.
   It increases your rate of regeneration.
 m - the amulet of Ascent {Regen+ Int+3}
   (You found it in the Dungeon)

   [amulet of regeneration]

   It affects your intelligence (+3).
   It increases your rate of regeneration.
 n - the ring of Epnowupti {rC+ MR+ Dex+3}
   (You found it in the Dungeon)

   [ring of protection from magic]

   It affects your dexterity (+3).
   It protects you from cold.
   It affects your resistance to hostile enchantments.
 o - the ring "Wuatabea" {EV+6 SInv}
   (You found it in the Dungeon)

   [ring of evasion]

   It affects your evasion (+6).
   It lets you see invisible.
 s - the ring "Ytwietz" (left hand) {Wiz rPois rC++ MP+9 Dex-2}
   (You found it in the Dungeon)

   [ring of wizardry]

   It improves your spell success rate.
   It affects your dexterity (-2).
   It greatly protects you from cold.
   It protects you from poison.
   It affects your magic capacity (+9).
 x - the ring of Ighyrgha {+Fly rN+ Str+6 Dex+4 SInv}
   (You found it in the Dungeon)

   [ring of strength]

   It affects your strength (+6).
   It affects your dexterity (+4).
   It protects you from negative energy.
   It lets you see invisible.
   It lets you fly.
 z - the ring "Eloamekira" (right hand) {*Contam rElec rPois rN+++ Int+6}
   (You found it in the Dungeon)

   [ring of intelligence]

   It affects your intelligence (+6).
   It insulates you from electricity.
   It protects you from poison.
   It renders you almost immune to negative energy.
   It causes magical contamination when unequipped.
 A - the ring "Kidunarph" {rC+ MR+}
   (You found it in the Dungeon)

   [ring of protection from magic]

   It protects you from cold.
   It affects your resistance to hostile enchantments.
 B - the ring of Propriety {rElec rPois MR+ Dex+6}
   (You found it in the Dungeon)

   [ring of poison resistance]

   It affects your dexterity (+6).
   It insulates you from electricity.
   It protects you from poison.
   It affects your resistance to hostile enchantments.
 D - an uncursed amulet of regeneration
Scrolls
 p - 6 scrolls of enchant armour
 y - 3 scrolls of fog
 X - 3 scrolls of fear
Potions
 e - 11 potions of curing
 f - 17 potions of heal wounds
 h - 8 potions of magic
 r - 2 potions of brilliance
 u - 4 potions of stabbing
 P - 2 potions of resistance
 W - a potion of might
Miscellaneous
 j - a phial of floods


   Skills:
 - Level 23.0 Fighting
 - Level 9.2 Long Blades
 O Level 27 Axes
   Level 9.0(20.1) Maces & Flails
 - Level 19.1 Bows
 - Level 2.0 Throwing
 - Level 23.9 Armour
 - Level 22.5 Dodging
 + Level 17.8 Spellcasting
 + Level 14.1 Air Magic
 - Level 17.0 Invocations
 - Level 7.1 Evocations


You had 38 spell levels left.
You knew the following spells:

 Your Spells              Type           Power        Failure   Level
a - Static Discharge      Conj/Air       ######..     1%          3
b - Animate Skeleton      Necr           ###...       2%          1
c - Tornado               Air            ######....   99%         9

Your spell library contained the following spells:

 Spells                   Type           Power        Failure   Level
 Shock                    Conj/Air       ####         1%          1
 Corpse Rot               Necr/Air       N/A          1%          2
 Poisonous Vapours        Pois/Air       ######       1%          2
 Mephitic Cloud           Conj/Pois/Air  #####...     1%          3
 Apportation              Tloc           ###...       2%          1
 Corona                   Hex            ###....      2%          1
 Freeze                   Ice            ###.         2%          1
 Magic Dart               Conj           ###.         2%          1
 Pain                     Necr           ###.         2%          1
 Sandblast                Erth           ###...       2%          1
 Summon Small Mammal      Summ           ###.         2%          1
 Ensorcelled Hibernation  Hex/Ice        ###...       4%          2
 Passwall                 Tmut/Erth      ###.....     4%          2
 Searing Ray              Conj           ###...       4%          2
 Sublimation of Blood     Necr           ###.......   4%          2
 Lightning Bolt           Conj/Air       ######....   4%          5
 Confusing Touch          Hex            ###.....     8%          3
 Conjure Flame            Conj/Fire      ###.....     8%          3
 Dazzling Flash           Conj/Hex       ###...       8%          3
 Frozen Ramparts          Ice            ###...       8%          3
 Gell's Gravitas          Tloc           ###.......   8%          3
 Ignite Poison            Fire/Tmut/Pois ###.....     8%          3
 Ozocubu's Armour         Ice            ###.....     8%          3
 Stone Arrow              Conj/Erth      ###...       8%          3
 Conjure Ball Lightning   Conj/Air       ######....   21%         6
 Dispel Undead            Necr           ###.....     24%         4
 Fulminant Prism          Conj/Hex       ###.......   24%         4
 Hailstorm                Conj/Ice       ###.....     24%         4
 Ice Form                 Ice/Tmut       ###.....     24%         4
 Iskenderun's Mystic Bla  Conj/Tloc      ###.....     24%         4
 Petrify                  Tmut/Erth      ###.....     24%         4
 Summon Ice Beast         Ice/Summ       ###.....     24%         4
 Freezing Cloud           Conj/Ice/Air   #####.....   45%         6
 Agony                    Necr           ###.....     52%         5
 Alistair's Intoxication  Tmut/Pois      ###......    52%         5
 Excruciating Wounds      Necr           ###.......   52%         5
 Fireball                 Conj/Fire      ###.......   52%         5
 Irradiate                Conj/Tmut      ###.......   52%         5
 Lee's Rapid Deconstruct  Erth           ###.......   52%         5
 Metabolic Englaciation   Hex/Ice        ###.......   52%         5
 Summon Demon             Summ           ###.......   52%         5
 Summon Forest            Summ/Tloc      ###.......   52%         5
 Summon Mana Viper        Hex/Summ       ###.....     52%         5
 Yara's Violent Unravell  Hex/Tmut       ###.......   52%         5
 Eringya's Noxious Bog    Tmut/Pois      ###.......   97%         6
 Shadow Creatures         Summ           N/A          97%         6
 Simulacrum               Ice/Necr       ###.......   97%         6
 Starburst                Conj/Fire      ###.......   97%         6
 Malign Gateway           Summ/Tloc      ###.......   100%        7
 Monstrous Menagerie      Summ           ###.......   100%        7
 Summon Greater Demon     Summ           ###.......   100%        7
 Summon Hydra             Summ           ###.......   100%        7
 Ignition                 Fire           ###.......   100%        8
 Summon Horrible Things   Summ           ###.......   100%        8
 Shatter                  Erth           ###.......   100%        9


Dungeon Overview and Level Annotations

Branches:
Dungeon (1/1)

Altars:
Ashenzari
Cheibriados
Dithmenos
Elyvilon
Fedhas
Gozag
Hepliaklqana
Kikubaaqudgha
Makhleb
Nemelex Xobeh
Okawaru
Qazlal
Ru
Sif Muna
Trog
Uskayaw
Vehumet
Wu Jian
Xom
Yredelemnul
Zin
The Shining One
Beogh
Jiyva
Lugonu


Innate Abilities, Weirdness & Mutations

You reflexively headbutt those who attack you in melee.
You have a pair of horns on your head.
You are partially covered in iridescent scales. (AC +2)
You are partially covered in rugged brown scales. (AC +1, +3% HP)
You are agile. (Dex +2)
You can translocate small distances at will.
Scrolls take you a little longer to read.
You are very dopey. (Int -4)
Your natural rate of healing is unusually fast.
You are weak. (Str -2)
You evolve.


Message History

The titan waves its arms in wide circles.
The air twists around and strikes you!
* * * LOW HITPOINT WARNING * * *
Found three items.
You feel much better. The titan hits you.
* * * LOW HITPOINT WARNING * * *
The frost giant misses you. You furiously retaliate!
You headbutt the frost giant!
Unknown command.
Okay, then.
Cast which spell? (? or * to list)
The spell is extremely dangerous to cast (99% risk of failure)!
Continue anyway?
You miscast Tornado.
You are contaminated with residual magic.
There is a short, sharp shower of sparks!!
You resist.
* * * LOW HITPOINT WARNING * * *
The titan waves its arms in wide circles.
The air twists around and strikes you!!
You die... ########### $C|)|$):$# C)((:)(.# ?(CCCC= )CCC

#################C#######
#...............@C......#
#...............(.......#
#######################'#
#'# #)# #'# #.# #'# #.#


You could see 2 titans, 2 frost giants, 2 fire giants, 2 stone giants and a
cyclops.

Vanquished Creatures
  An orb of fire (D)
  Mennas (D)
  2 ancient liches (D)
  Arachne (D)
  A Tzitzimitl (D)
  A tentacled monstrosity (D)
  2 Ice Fiends (D)
  A Hell Sentinel (D)
  7 titans (D)
  A deep elf blademaster (D)
  3 sphinxes (D)
  A storm dragon (D)
  2 shadow dragons (D)
  6 fire giants (D)
  4 nagarajas (D)
  A draconian monk (D)
  A deep elf sorcerer (D)
  5 orc warlords (D)
  3 frost giants (D)
  Louise (D)
  2 ghost moths (D)
  A draconian scorcher (D)
  A reaper (D)
  A draconian stormcaller (D)
  2 stone giants (D)
  2 deep elf demonologists (D)
  3 green draconians (D)
  3 white draconians (D)
  3 vampire knights (D)
  A deep elf annihilator (D)
  2 black draconians (D)
  An apis (D)
  A minotaur (D)
  A yellow draconian (D)
  3 deep elf death magi (D)
  5 ettins (D)
  A fire dragon (D)
  3 blizzard demons (D)
  A mummy priest (D)
  2 merfolk impalers (D)
  A green death (D)
  4 ogre magi (D)
  A deep elf high priest (D)
  A yaktaur captain (D)
  A great orb of eyes (D)
  14 vault guards (D)
  2 hell beasts (D)
  A hydra (D)
  A catoblepas (D)
  2 naga warriors (D)
  An alligator snapping turtle (D)
  2 merfolk aquamancers (D)
  2 merfolk avatars (D)
  A dancing weapon (D)
  2 alligators (D)
  7 two-headed ogres (D)
  6 death yaks (D)
  3 deep elf knights (D)
  Nergalle (D)
  2 sun demons (D)
  A shadow wraith (D)
  4 swamp dragons (D)
  13 hell knights (D)
  2 sea snakes (D)
  10 wizards (D)
  A lindwurm (D)
  A phantasmal warrior (D)
  11 orc knights (D)
  2 wolf spiders (D)
  7 necromancers (D)
  2 slime creatures (D)
  2 large abominations (D)
  5 cyclopes (D)
  A black mamba (D)
  5 elephants (D)
  An orange demon (D)
  A molten gargoyle (D)
  A komodo dragon (D)
  An ice devil (D)
  3 yaktaurs (D)
  A red devil (D)
  2 wandering mushrooms (D)
  A demonic crawler (D)
  A jumping spider (D)
  4 trolls (D)
  5 merfolk (D)
  A polar bear (D)
  3 hornets (D)
  A bog body (D)
  4 blink frogs (D)
  4 dream sheep (D)
  A ynoxinul (D)
  2 redbacks (D)
  3 spriggans (D)
  A shadow (D)
  8 water elementals (D)
  A vampire (D)
  A fire elemental (D)
  A basilisk (D)
  A wyvern (D)
  6 yaks (D)
  16 humans (D)
  2 steam dragons (D)
  3 vampire mosquitoes (D)
  3 chaos spawn (D)
  A warg (D)
  A floating eye (D)
  Duvessa (D)
  7 orc warriors (D)
  4 ogres (D)
  An eye of draining (D)
  A sky beast (D)
  A wolf (D)
  2 centaurs (D)
  A gnoll sergeant (D)
  A bullfrog (D)
  Dowan (D)
  An earth elemental (D)
  7 wights (D)
  A quasit (D)
  3 orc wizards (D)
  A hound (D)
  3 orc priests (D)
  A gnoll shaman (D)
  2 iron imps (D)
  3 worker ants (D)
  5 gnolls (D)
  An ooze (D)
  An adder simulacrum (D)
  A leopard gecko (D)
  15 orcs (D)
  2 giant cockroaches (D)
  A goblin (D)
  A hobgoblin (D)
  2 jackals (D)
  A kobold (D)
  2 ball pythons (D)
  A bat (D)
  A bat simulacrum (D)
  A frilled lizard (D)
  A jackal zombie (D)
  A leopard gecko zombie (D)
  2 rats (D)
372 creatures vanquished.

Vanquished Creatures (others)
  A storm dragon (D)
  A deep elf high priest (D)
  An orc (D)
3 creatures vanquished.

Grand Total: 375 creatures vanquished

Notes
Turn   | Place    | Note
-------+----------+-------------------------------------------
     0 | D        | rocky1 the Minotaur Gladiator began the quest for the Orb.
     0 | D        | Reached XP level 1. HP: 18/18 MP: 0/0
    16 | D        | Reached skill level 4 in Axes
    21 | D        | Reached skill level 5 in Axes
    49 | D        | Found a bloodstained altar of Trog.
    49 | D        | Found a shimmering blue altar of Sif Muna.
    49 | D        | Found a viscous altar of Jiyva.
    49 | D        | Found a hazy altar of Hepliaklqana.
    49 | D        | Found an opulent altar of Gozag.
    50 | D        | Found a glowing golden altar of the Shining One.
    50 | D        | Found a glowing silver altar of Zin.
    50 | D        | Found a basalt altar of Yredelemnul.
    50 | D        | Found a shimmering altar of Xom.
    50 | D        | Found an ornate altar of the Wu Jian Council.
    50 | D        | Found a sacrificial altar of Ru.
    50 | D        | Found a stormy altar of Qazlal.
    50 | D        | Found an iron altar of Okawaru.
    50 | D        | Found a sparkling altar of Nemelex Xobeh.
    50 | D        | Found a burning altar of Makhleb.
    50 | D        | Found a blossoming altar of Fedhas.
    50 | D        | Found a white marble altar of Elyvilon.
    50 | D        | Found a shadowy altar of Dithmenos.
    50 | D        | Found a snail-covered altar of Cheibriados.
    53 | D        | Found a corrupted altar of Lugonu.
    53 | D        | Found a radiant altar of Vehumet.
    53 | D        | Found a roughly hewn altar of Beogh.
    54 | D        | Found an ancient bone altar of Kikubaaqudgha.
    54 | D        | Found a hide-covered altar of Uskayaw.
    54 | D        | Found a broken altar of Ashenzari.
    71 | D        | Became a worshipper of Cheibriados the Contemplative
    95 | D        | Reached * piety under Cheibriados
   100 | D        | Reached skill level 6 in Axes
   100 | D        | Reached XP level 2. HP: 24/25 MP: 1/1
   102 | D        | Reached ** piety under Cheibriados
   107 | D        | Noticed Duvessa
   107 | D        | Noticed Dowan
   114 | D        | Killed Duvessa
   114 | D        | Reached skill level 11 in Axes
   114 | D        | Reached XP level 3. HP: 18/30 MP: 2/2
   114 | D        | Reached XP level 4. HP: 23/37 MP: 3/3
   116 | D        | Reached skill level 12 in Axes
   117 | D        | Reached *** piety under Cheibriados
   128 | D        | Killed Dowan
   128 | D        | Reached **** piety under Cheibriados
   128 | D        | Reached skill level 13 in Axes
   128 | D        | Reached XP level 5. HP: 20/42 MP: 4/4
   350 | D        | Noticed a warg
   361 | D        | Killed a warg
   361 | D        | Reached XP level 6. HP: 37/52 MP: 4/6
   364 | D        | Reached skill level 5 in Dodging
   366 | D        | Reached ***** piety under Cheibriados
   374 | D        | Reached skill level 5 in Fighting
   378 | D        | Reached skill level 14 in Axes
   379 | D        | Reached ****** piety under Cheibriados
   384 | D        | Reached skill level 5 in Armour
   384 | D        | Reached XP level 7. HP: 36/62 MP: 5/9
   643 | D        | Reached skill level 5 in Invocations
   653 | D        | Noticed a komodo dragon
   653 | D        | Noticed a water elemental
   660 | D        | Killed a water elemental
   666 | D        | Killed a komodo dragon
   666 | D        | Reached XP level 8. HP: 72/74 MP: 9/11
   810 | D        | Noticed a polar bear
   810 | D        | Noticed an orange demon
   816 | D        | Killed a polar bear
   816 | D        | Reached skill level 15 in Axes
   820 | D        | Killed an orange demon
  1021 | D        | Noticed a wolf spider
  1027 | D        | Killed a wolf spider
  1027 | D        | Reached XP level 9. HP: 73/85 MP: 13/13
  1030 | D        | Reached skill level 10 in Fighting
  1086 | D        | Noticed a cyclops
  1091 | D        | Killed a cyclops
  1091 | D        | Reached skill level 16 in Axes
  1091 | D        | Reached skill level 10 in Armour
  1091 | D        | Reached skill level 10 in Dodging
  1092 | D        | Noticed a wandering mushroom
  1100 | D        | Killed a wandering mushroom
  1154 | D        | Killed a shadow wraith
  1291 | D        | Noticed a merfolk aquamancer
  1298 | D        | Reached XP level 10. HP: 73/96 MP: 9/16
  1301 | D        | Killed a merfolk aquamancer
  1301 | D        | Reached skill level 10 in Invocations
  1385 | D        | Noticed a swamp dragon
  1387 | D        | Reached skill level 17 in Axes
  1391 | D        | Killed a swamp dragon
  1871 | D        | Noticed a lindwurm
  1877 | D        | Killed a lindwurm
  1925 | D        | Noticed an orc knight
  1939 | D        | Killed an orc knight
  1939 | D        | Reached XP level 11. HP: 60/107 MP: 18/18
  2124 | D        | Noticed a sea snake
  2127 | D        | Killed a sea snake
  2133 | D        | Noticed a sun demon
  2138 | D        | Killed a sun demon
  2357 | D        | Reached skill level 18 in Axes
  2420 | D        | Noticed a nagaraja
  2432 | D        | Killed a nagaraja
  2902 | D        | Noticed a catoblepas
  2909 | D        | Killed a catoblepas
  3163 | D        | Noticed a sea snake
  3174 | D        | Killed a sea snake
  3181 | D        | Noticed a wolf spider
  3194 | D        | Reached skill level 15 in Fighting
  3197 | D        | Killed a wolf spider
  3197 | D        | Reached skill level 1 in Spellcasting
  3199 | D        | Reached XP level 12. HP: 23/119 MP: 20/20
  3680 | D        | Got the ring of Propriety {rElec rPois MR+ Dex+6}
  3862 | D        | Noticed a hell beast
  3862 | D        | Noticed a deep elf blademaster
  3864 | D        | Killed a hell beast
  3864 | D        | Reached skill level 1 in Bows
  3864 | D        | Reached skill level 15 in Armour
  3865 | D        | Killed a deep elf blademaster
  3874 | D        | Got the ring of Subb {rElec rN+ MR- SInv}
  3982 | D        | Noticed a vampire knight
  3988 | D        | Killed a vampire knight
  3988 | D        | Reached skill level 5 in Bows
  3988 | D        | Reached skill level 15 in Dodging
  3997 | D        | Noticed a merfolk avatar
  3998 | D        | Killed a merfolk avatar
  4009 | D        | Noticed an alligator
  4014 | D        | Killed an alligator
  4016 | D        | Noticed an orc warlord
  4021 | D        | Killed an orc warlord
  4021 | D        | Reached skill level 5 in Spellcasting
  4023 | D        | Identified the +4 morningstar "Hagousyu" {flame, rC+}
  4023 | D        | Noticed a deep elf death mage
  4029 | D        | Killed a deep elf death mage
  4070 | D        | Noticed a merfolk impaler
  4076 | D        | Killed a merfolk impaler
  4076 | D        | Reached XP level 13. HP: 107/130 MP: 22/22
  4105 | D        | Noticed a vampire knight
  4107 | D        | Killed a ghost moth
  4119 | D        | Killed a vampire knight
  4224 | D        | Got the Incunabulum of Conjuration and Moulding
  4518 | D        | Reached skill level 10 in Bows
  4522 | D        | Noticed an orc warlord
  4522 | D        | Noticed an orc warlord
  4552 | D        | Killed an orc warlord
  4648 | D        | Noticed a shadow dragon
  4664 | D        | Killed a shadow dragon
  4732 | D        | Noticed a merfolk impaler
  4736 | D        | Noticed a minotaur
  4740 | D        | Killed a merfolk impaler
  4755 | D        | Killed a minotaur
  4762 | D        | Noticed a ghost moth
  4770 | D        | Killed a ghost moth
  4782 | D        | Reached XP level 14. HP: 121/146 MP: 3/25
  4838 | D        | Killed an orc warlord
  5023 | D        | Found the +9 sword of Zonguldrok {reap}
  5106 | D        | Got the +5 longbow of the Queen {vorpal, rPois rF+}
  5151 | D        | Found the +4 skin of Zhor {Englaciate rC+++ SInv}
  5302 | D        | Noticed a vampire knight
  5310 | D        | Paralysed by a vampire knight for 5 turns
  5316 | D        | Killed a vampire knight
  5505 | D        | Noticed Nergalle
  5518 | D        | Reached skill level 1 in Maces & Flails
  5522 | D        | Noticed Arachne
  5523 | D        | Noticed a titan
  5526 | D        | Killed Nergalle
  5533 | D        | Killed a titan
  5545 | D        | Noticed a fire giant
  5552 | D        | Reached skill level 5 in Maces & Flails
  5552 | D        | Reached skill level 10 in Spellcasting
  5554 | D        | Killed Arachne
  5558 | D        | Killed a fire giant
  5565 | D        | Reached skill level 15 in Bows
  5566 | D        | Noticed an orc warlord
  5568 | D        | Reached XP level 15. HP: 57/155 MP: 4/28
  5582 | D        | Killed an orc warlord
  5646 | D        | Reached skill level 15 in Invocations
  5798 | D        | Noticed an orc warlord
  5809 | D        | Identified the +4 robe of Itwi Jodotro {rC+}
  5809 | D        | Identified the ring of Midwinter {+Fly rN+ Dex-5 Stlth+}
  5815 | D        | Killed an orc warlord
  5815 | D        | Reached skill level 19 in Axes
  5849 | D        | Noticed a shadow dragon
  5857 | D        | Killed a shadow dragon
  5869 | D        | Got the Volume of Shifting Dark Rituals
  5899 | D        | Paralysed by a floating eye for 3 turns
  6131 | D        | Noticed Louise
  6139 | D        | Identified the +9 spear of Dullness {flame, +Rage +Fly rN+
                  | MR+}
  6140 | D        | Identified the cursed +1 leather armour of Icrasma {Int+3}
  6143 | D        | Reached skill level 20 in Axes
  6145 | D        | Identified the cursed +1 scythe "Isuasebe" {vorpal, +Inv
                  | rF- rC+++ Dex-5}
  6145 | D        | Identified the ring of Rakam {+Fly rF+ rN+ MR+ MP+9 Int-4}
  6150 | D        | Killed Louise
  6155 | D        | Reached XP level 16. HP: 144/168 MP: 2/31
  6323 | D        | Got a silver rune of Zot
  6720 | D        | Reached skill level 1 in Long Blades
  6721 | D        | Reached skill level 1 in Evocations
  6830 | D        | Noticed a sphinx
  6840 | D        | Killed a sphinx
  6858 | D        | Noticed a sphinx
  6864 | D        | Reached skill level 5 in Long Blades
  6871 | D        | Killed a sphinx
  6922 | D        | Reached skill level 5 in Evocations
  6932 | D        | Noticed a storm dragon
  6936 | D        | Noticed a sphinx
  6936 | D        | Killed a storm dragon
  6944 | D        | Killed a sphinx
  7070 | D        | Got Caxugal's Incunabulum of Ice
  7072 | D        | Got the Almanac of Earthen Feathers
  7099 | D        | Got the amulet "Iconosout" {Reflect *Slow Slay+2 SH+5 SInv}
  7186 | D        | Gained mutation: You tend to lose your temper in combat.
                  | [potion of mutation]
  7186 | D        | Gained mutation: You can translocate small distances at
                  | will. [potion of mutation]
  7187 | D        | Lost mutation: You tend to lose your temper in combat.
                  | [potion of mutation]
  7187 | D        | Gained mutation: Your magical capacity is low. (-10% MP)
                  | [potion of mutation]
  7187 | D        | Gained mutation: You are clumsy. (Dex -2) [potion of
                  | mutation]
  7187 | D        | Gained mutation: You expend magic power (3 MP) to
                  | strengthen your wands. [potion of mutation]
  7187 | D        | Gained mutation: You are partially covered in rugged brown
                  | scales. (AC +1, +3% HP) [potion of mutation]
  7188 | D        | Lost mutation: You expend magic power (3 MP) to strengthen
                  | your wands. [potion of mutation]
  7188 | D        | Lost mutation: You are clumsy. (Dex -2) [potion of
                  | mutation]
  7188 | D        | Gained mutation: You are frail. (-10% HP) [potion of
                  | mutation]
  7188 | D        | Gained mutation: You occasionally shout uncontrollably at
                  | your foes. [potion of mutation]
  7188 | D        | Gained mutation: Scrolls take you a little longer to read.
                  | [potion of mutation]
  7188 | D        | Gained mutation: You are agile. (Dex +2) [potion of
                  | mutation]
  7189 | D        | Lost mutation: You are frail. (-10% HP) [potion of
                  | mutation]
  7189 | D        | Lost mutation: Your magical capacity is low. (-10% MP)
                  | [potion of mutation]
  7189 | D        | Lost mutation: Scrolls take you a little longer to read.
                  | [potion of mutation]
  7189 | D        | Lost mutation: You occasionally shout uncontrollably at
                  | your foes. [potion of mutation]
  7189 | D        | Gained mutation: Your natural rate of healing is unusually
                  | fast. [potion of mutation]
  7189 | D        | Gained mutation: You are dopey. (Int -2) [potion of
                  | mutation]
  7189 | D        | Gained mutation: You evolve. [potion of mutation]
  7200 | D        | Got the ring "Wedeol" {Fire Dex+3}
  7202 | D        | Got the amulet "Ovakam" {rC- MR+++ Regen+ Dex-4 Slay+6}
  7204 | D        | Got the amulet of Qedeer {rN+ Regen+}
  7206 | D        | Got the amulet "Joroskej" {Spirit rF+ MR+}
  7209 | D        | Got the amulet of Ascent {Regen+ Int+3}
  7211 | D        | Got the amulet of Suiwk {RegenMP rPois Str+2 Slay-2}
  7213 | D        | Got the amulet "Sumixteygu" {RegenMP *Slow +Inv rC+ Int+3}
  7215 | D        | Got the amulet of Nebulyo {Reflect *Slow rF++ Int+5 SH+5}
  7217 | D        | Got the ring of the Shining Light {MR++ Slay+5 Stlth+}
  7219 | D        | Got the amulet of Vohuq {Spirit Str+4}
  7221 | D        | Got the amulet "Zuugij" {Faith rPois MR+ SInv}
  7225 | D        | Got the ring of the Harvest {rElec MR+ Slay+2 Stlth-}
  7228 | D        | Got the ring "Bidosm" {*Corrode rC+ Dex+3 Slay+5}
  7257 | D        | Got the ring "Alegauc" {*Drain Str+4 Int+6 Dex+8}
  7259 | D        | Got the ring "Byshroxes" {rElec rPois MR+}
  7261 | D        | Got the ring of Muqe Eko {*Corrode rElec Str+2 Dex+6}
  7263 | D        | Got the ring of Epnowupti {rC+ MR+ Dex+3}
  7265 | D        | Got the ring "Wuatabea" {EV+6 SInv}
  7267 | D        | Got the ring of the Lion {rC- rN+ Slay+3 SInv}
  7270 | D        | Got the ring "Ytwietz" {Wiz rPois rC++ MP+9 Dex-2}
  7272 | D        | Got the ring of Sunir {rC+ Dex+6}
  7274 | D        | Got the ring of Ywkideab {Fire *Slow +Inv rPois MR+}
  7276 | D        | Got the ring "Hicuwon" {rElec AC+6}
  7278 | D        | Got the ring of Ighyrgha {+Fly rN+ Str+6 Dex+4 SInv}
  7280 | D        | Got the ring "Eloamekira" {*Contam rElec rPois rN+++ Int+6}
  7283 | D        | Got the ring "Kidunarph" {rC+ MR+}
  7285 | D        | Got the ring "Heavvori" {Ice MR+}
  7291 | D        | Learned a level 3 spell: Static Discharge
  7293 | D        | Learned a level 1 spell: Animate Skeleton
  7331 | D        | Learned a level 9 spell: Tornado
  7352 | D        | Noticed an orb of fire
  7353 | D        | Gained mutation: Scrolls take you a little longer to read.
                  | [an orb of fire]
  7357 | D        | Gained mutation: You are very dopey. (Int -4) [an orb of
                  | fire]
  7359 | D        | Gained mutation: You are weak. (Str -2) [an orb of fire]
  7369 | D        | Killed an orb of fire
  7369 | D        | Reached skill level 21 in Axes
  7372 | D        | Noticed a storm dragon
  7377 | D        | Killed a storm dragon
  7443 | D        | Noticed a titan
  7451 | D        | Killed a titan
  7451 | D        | Reached skill level 5 in Air Magic
  7454 | D        | Noticed an ancient lich
  7460 | D        | Killed an ancient lich
  7460 | D        | Reached skill level 22 in Axes
  7463 | D        | Noticed an ancient lich
  7474 | D        | Killed an ancient lich
  7474 | D        | Reached skill level 23 in Axes
  7474 | D        | Reached skill level 15 in Spellcasting
  7474 | D        | Reached XP level 17. HP: 101/184 MP: 35/35
  7645 | D        | Noticed a Tzitzimitl
  7645 | D        | Noticed Mennas
  7652 | D        | Killed Mennas
  7654 | D        | Killed a Tzitzimitl
  7654 | D        | Reached skill level 24 in Axes
  7654 | D        | Reached skill level 10 in Air Magic
  7656 | D        | Gained mutation: You are partially covered in iridescent
                  | scales. (AC +2) [evolution]
  7878 | D        | Noticed a Hell Sentinel
  7885 | D        | Killed a Hell Sentinel
  7888 | D        | Noticed a tentacled monstrosity
  7891 | D        | Killed a tentacled monstrosity
  7894 | D        | Noticed an Ice Fiend
  7898 | D        | Killed an Ice Fiend
  7909 | D        | Noticed an Ice Fiend
  7912 | D        | Killed an Ice Fiend
  7922 | D        | Reached skill level 25 in Axes
  8006 | D        | Noticed a titan
  8006 | D        | Noticed a titan
  8006 | D        | Noticed a titan
  8006 | D        | Noticed a titan
  8006 | D        | Noticed a titan
  8006 | D        | Noticed a titan
  8006 | D        | Noticed a titan
  8010 | D        | Identified the amulet of Beptonaucs {Faith Str+5 Slay-6}
  8011 | D        | Reached skill level 26 in Axes
  8011 | D        | Noticed a titan
  8012 | D        | Killed a titan
  8012 | D        | Killed a titan
  8013 | D        | Killed a titan
  8013 | D        | Killed a titan
  8013 | D        | Killed a titan
  8013 | D        | Reached skill level 27 in Axes
  8015 | D        | Identified the ring of Atig {*Corrode +Inv rPois rN+}
  8015 | D        | HP: 9/184 [titan/the air (13)]
  8017 | D        | HP: 4/184 [something (20)]
  8017 | D        | Killed from afar by a titan

Illustrated notes

Levels and vault maps discovered:
D:        pitsprint [storerooms_1, entrance_room_1, metal_vault_6, armoury_1,
          mini_pit_1, grid_room_1, main_hall_1, silver_pit, the_coven_1,
          the_vestibule_1, steel_vault_2, golden_pit, hallway_of_sentries,
          crystal_vault_3, iron_vault_1, final_vault]

Skill      XL: |  1  2  3  4  5  6  7  8  9 10 11 12 13 14 15 16 17 |
---------------+----------------------------------------------------+-----
Axes           | 6 11 13 14 15 16 17 18 20 23 27 | 27.0
Fighting       | 4 5 8 9 11 13 15 16 19 20 21 23 | 23.0
Armour         | 3 5 7 9 11 12 14 16 18 20 22 23 | 23.9
Dodging        | 4 5 7 9 10 12 14 15 17 19 21 22 | 22.5
Invocations    | 2 4 6 7 9 11 12 13 14 16 17 | 17.0
Spellcasting   | 1 5 8 10 12 15 17 | 17.8
Bows           | 8 12 15 17 19 | 19.1
Maces & Flails | 7 9 |  9.0
Long Blades    | 9 |  9.2
Evocations     | 7 |  7.1
Air Magic      | 8 14 | 14.1
Throwing       | |  2.0

Action                   |  1- 3 |  4- 6 |  7- 9 | 10-12 | 13-15 | 16-18 || total
-------------------------+-------+-------+-------+-------+-------+-------++-------
Melee: War axe           |    16 |    12 |       |       |       |       ||    28
       Headbutt          |     3 |     8 |    17 |    52 |   138 |    65 ||   283
       Hand axe          |       |    24 |    20 |       |       |       ||    44
       Broad axe         |       |       |    26 |   137 |   324 |       ||   487
       Morningstar       |       |       |       |       |     8 |       ||     8
       Battleaxe         |       |       |       |       |    15 |   152 ||   167
 Fire: Shortbow          |       |       |       |       |     2 |       ||     2
Invok: Slouch            |       |       |     3 |     6 |    26 |    18 ||    53
 Abil: Blink             |       |       |       |       |       |     1 ||     1
  Use: Potion            |     1 |     1 |       |     1 |     8 |     6 ||    17
       Scroll            |       |       |       |       |     1 |     8 ||     9
 Stab: Invisible         |       |    10 |       |       |       |       ||    10
       Sleeping          |       |       |     1 |       |       |       ||     1
       Distracted        |       |       |       |     1 |       |       ||     1
Armor: Leather armour    |     1 |       |       |       |       |       ||     1
       Ring mail         |       |     3 |     4 |       |       |       ||     7
       Chain mail        |       |       |    23 |     8 |       |       ||    31
       Plate armour      |       |       |       |    56 |   113 |    50 ||   219
Dodge: Dodged            |    16 |    21 |    68 |   146 |   363 |   146 ||   760

Table legend: (Time is in decaauts) A = Elapsed time spent in this place. B = Non-inter-level travel time spent in this place. C = Inter-level travel time spent in this place. D = Time resting spent in this place. E = Time spent auto-exploring this place. F = Levels seen in this place. G = Mean time per level. A B C D E F G +--------+--------+--------+--------+--------+-----+--------+ Total | 10129 | 10129 | 0 | 4242 | 0 | 1 | 10129.0 | Dungeon | 10129 | 10129 | 0 | 4242 | 0 | 1 | 10129.0 | +--------+--------+--------+--------+--------+-----+--------+

Top non-repeatable levels by time:
       D: 10129 daAuts
